[Event "Titled Tuesday Blitz August 15 Late 2023"]
[White "Dzierzak, Radoslaw"]
[Black "Stearman, Josiah"]
[WhiteFideId "1161407"]
[BlackFideId "2062496"]
[WhiteElo "2410"]
[BlackElo "2743"]
[Result "0-1"]
[Round "1"]
[TimeControl "180+1"]
[Date "2023.08.15"]
[WhiteClock "0:00:03"]
[BlackClock "0:00:47"]
[Board "69"]

1. e4 c5 2. Nf3 Nc6 3. d4 cxd4 4. Nxd4 g6 5. Nc3 Bg7 6. Nde2 Nf6 7. g3 O-O 8. Bg2 d6 9. O-O h6 10. h3 Kh7 11. Be3 Qa5 12. Nd5 Nxd5 13. exd5 Ne5 14. Bd4 Bf5 15. b3 Rac8 16. c4 b5 17. f4 Nd7 18. Bxg7 Kxg7 19. g4 bxc4 20. gxf5 c3 21. Qd4+ Nf6 22. Rfc1 c2 23. b4 Qa3 24. Kh2 Rc7 25. Be4 Rfc8 26. fxg6 Rc4 27. Qd3 Rc3 28. Nxc3 Rxc3 29. Qd4 Rxh3+ 30. Kg1 Qg3+ 31. Bg2 Qh2+ 32. Kf1 Rh4 33. Qg1 Rxf4+ 34. Ke2 Qh5+ 35. Kd2 Qg5 36. Kxc2 Rg4 37. Kb3 Rxg2 38. Qd4 Rd2 39. Qc3 Qxd5+ 40. Ka3 Rd3 41. gxf7 Rxc3+ 42. Rxc3 Kxf7 0-1


[Site "https://www.chess.com"]

[Event "Titled Tuesday Blitz August 15 Late 2023"]
[White "GaiozNigalidze"]
[Black "Rego, Pedro Filipe"]
[BlackFideId "1904310"]
[WhiteElo "2742"]
[BlackElo "2409"]
[Result "0-1"]
[Round "1"]
[TimeControl "180+1"]
[Date "2023.08.15"]
[WhiteClock "0:00:13"]
[BlackClock "0:00:25"]
[Board "70"]

1. d4 Nf6 2. c4 c5 3. d5 b5 4. cxb5 a6 5. bxa6 g6 6. Nc3 Bg7 7. e4 O-O 8. e5 Ne8 9. Nf3 d6 10. exd6 Nxd6 11. Be2 Bxa6 12. O-O Nd7 13. Bg5 h6 14. Bf4 Nf5 15. Bxa6 Rxa6 16. Rb1 Nb6 17. Ne5 Qa8 18. Qd3 Rd8 19. Nc6 Qxc6 20. Qxa6 Ra8 21. dxc6 Rxa6 22. c7 g5 23. Rfd1 gxf4 24. Rd8+ Kh7 25. Nd5 Be5 26. c8=Q Nxc8 27. Rxc8 e6 28. Nc3 Bd4 29. Ne2 Rxa2 30. Nxf4 Bxb2 31. Rxc5 Bd4 32. Rc7 Rxf2 33. Kh1 Rxf4 34. Rxf7+ Bg7 35. Rd7 Kg6 36. Re1 e5 37. Ra7 Rd4 38. Ra6+ Rd6 39. Ra5 Bf6 40. g3 Nd4 41. Ra2 Rc6 42. Kg2 Rc2+ 43. Rxc2 Nxc2 44. Re2 Nd4 45. Ra2 Kf5 46. Ra8 e4 47. h3 e3 48. Re8 Be5 49. Rf8+ Ke4 50. Re8 Kd5 51. Rd8+ Kc4 52. Re8 Kd5 53. Rd8+ Ke4 54. Re8 h5 55. Re7 Nf5 56. Re8 Nxg3 57. Ra8 Nf5 58. Ra4+ Nd4 59. Ra8 e2 60. Ra1 h4 61. Re1 Bg3 62. Rxe2+ Nxe2 63. Kf1 Nf4 64. Kg1 Nxh3+ 0-1


[Site "https://www.chess.com"]

[Event "Titled Tuesday Blitz August 15 Late 2023"]
[White "Klinova, Masha"]
[Black "Ghazarian, Kirk"]
[WhiteFideId "2802015"]
[BlackFideId "30908604"]
[WhiteElo "2407"]
[BlackElo "2740"]
[Result "0-1"]
[Round "1"]
[TimeControl "180+1"]
[Date "2023.08.15"]
[WhiteClock "0:01:30"]
[BlackClock "0:01:04"]
[Board "71"]

1. e4 c5 2. Nf3 a6 3. c4 Nc6 4. Nc3 e5 5. d3 d6 6. g3 Nf6 7. Bg2 g6 8. O-O Bg7 9. Bg5 h6 10. Bxf6 Bxf6 11. Nd5 Bg7 12. Ne1 O-O 13. Nc2 b5 14. b3 Rb8 15. Rb1 Bd7 16. Nce3 Nd4 17. f4 f5 18. exf5 gxf5 19. Qh5 Be8 20. Qd1 Bg6 21. Kh1 Kh7 22. Bh3 Rb7 23. Rf2 Qe8 24. Qd2 bxc4 25. dxc4 e4 26. Rg1 Nf3 27. Rxf3 exf3 28. Rf1 Qe4 29. Qf2 Bh5 30. Nxf5 Rxf5 31. g4 Rxd5 32. cxd5 Bf7 33. Re1 Qxf4 0-1


[Site "https://www.chess.com"]

[Event "Titled Tuesday Blitz August 15 Late 2023"]
[White "Boruchovsky, Avital"]
[Black "Balla, Tamas-Kristof"]
[WhiteFideId "2800055"]
[BlackFideId "1208497"]
[WhiteElo "2737"]
[BlackElo "2406"]
[Result "1-0"]
[Round "1"]
[TimeControl "180+1"]
[Date "2023.08.15"]
[WhiteClock "0:00:33"]
[BlackClock "0:00:03"]
[Board "72"]

1. c4 c5 2. Nc3 Nc6 3. g3 g6 4. Bg2 Bg7 5. e3 e6 6. Nge2 Nge7 7. d4 cxd4 8. Nxd4 Nxd4 9. exd4 d5 10. cxd5 Nxd5 11. O-O O-O 12. Qb3 Nb6 13. Be3 Bd7 14. Bxb7 Rb8 15. Bg2 Nd5 16. Qa3 Nxe3 17. fxe3 Qb6 18. b3 Bc6 19. Na4 Qb7 20. Nc5 Qa8 21. Bxc6 Qxc6 22. Qa4 Qd6 23. Nd7 Rb4 24. Qxa7 Rd8 25. Nf6+ Bxf6 26. Rxf6 Rd7 27. Qa5 Kg7 28. Raf1 Rb6 29. R6f4 Ra6 30. Qd2 Qa3 31. Qf2 Qxa2 32. Rxf7+ Rxf7 33. Qxf7+ Kh6 34. Qf8+ Kh5 35. Qf4 Qe2 36. Qh4# 1-0


[Site "https://www.chess.com"]

[Event "Titled Tuesday Blitz August 15 Late 2023"]
[White "KorolDimitriy75"]
[Black "Fernandez Guillen, Ernesto J."]
[BlackFideId "3512428"]
[WhiteElo "2406"]
[BlackElo "2733"]
[Result "0-1"]
[Round "1"]
[TimeControl "180+1"]
[Date "2023.08.15"]
[WhiteClock "0:00:00"]
[BlackClock "0:00:08"]
[Board "73"]

1. d4 Nf6 2. c4 g6 3. Nc3 d6 4. e4 Bg7 5. Nf3 O-O 6. Be2 e5 7. dxe5 dxe5 8. Qxd8 Rxd8 9. Bg5 c6 10. Nxe5 Re8 11. O-O-O Nxe4 12. Nxe4 Bxe5 13. f4 Bg7 14. Bf3 Na6 15. Nd6 Re6 16. f5 gxf5 17. Nxf5 Re8 18. Nxg7 Kxg7 19. Rd6 Be6 20. b3 Nb4 21. Kb2 a5 22. a3 Na6 23. Kc3 Nc5 24. Rhd1 Bf5 25. Bf6+ Kg8 26. R1d4 Bg6 27. h4 h5 28. Rd8 a4 29. Rxa8 Rxa8 30. b4 Ne6 31. Rd6 Rc8 32. Rd7 b5 33. c5 Nf4 34. Rd6 Nd5+ 35. Bxd5 cxd5 36. Rxd5 Kh7 37. Rd6 Be4 38. Kd4 Bxg2 39. Rd7 Kg6 40. Be5 f6 41. Rd6 Rf8 42. Bg3 Kf5 43. c6 Rc8 44. Kc5 Kg4 45. Be1 f5 46. Kxb5 f4 47. Kc5 Re8 48. Bc3 Re2 49. b5 Rc2 50. Kb4 f3 51. c7 f2 52. c8=Q+ Kg3 53. Rf6 Bf3 54. Rxf3+ Kxf3 55. Qf5+ Kg3 56. Qxc2 f1=Q 57. Qd2 Kxh4 58. Qd4+ Kh3 59. b6 Qf8+ 60. Qc5 Qf7 61. Qc7 Qb3+ 62. Ka5 Qxa3 63. b7 Qf8 64. b8=Q Qf5+ 65. Qe5 Qd3 0-1


[Site "https://www.chess.com"]

[Event "Titled Tuesday Blitz August 15 Late 2023"]
[White "Escalante Ramirez, Brian Sebasti"]
[Black "Kielinkei"]
[WhiteFideId "3819566"]
[WhiteElo "2732"]
[BlackElo "2405"]
[Result "1/2-1/2"]
[Round "1"]
[TimeControl "180+1"]
[Date "2023.08.15"]
[WhiteClock "0:00:06"]
[BlackClock "0:00:04"]
[Board "74"]

1. e4 c5 2. Nf3 e6 3. Nc3 Nc6 4. g3 d5 5. exd5 exd5 6. Bg2 Nf6 7. O-O Be7 8. d4 O-O 9. dxc5 Bxc5 10. Bg5 d4 11. Ne4 Be7 12. Bxf6 Bxf6 13. Re1 Bf5 14. Qd2 Re8 15. Nc5 Qb6 16. Nb3 a5 17. Nh4 Bxh4 18. Rxe8+ Rxe8 19. gxh4 Rd8 20. Re1 a4 21. Qg5 axb3 22. Qxf5 bxa2 23. Bd5 Qc7 24. Bxa2 h6 25. c3 dxc3 26. bxc3 Qd7 27. Qe4 Qd3 28. Qf4 Qd7 29. h5 Re8 30. Rxe8+ Qxe8 31. Bc4 Qe7 32. Bd5 Ne5 33. Bxb7 Qxb7 34. Qxe5 Qb1+ 35. Kg2 Qb7+ 36. Kg3 Qc6 37. h3 Qc4 38. f3 Qc6 39. Qb8+ Kh7 40. Qe5 Kg8 41. Qd4 Qc7+ 42. f4 Qc6 43. Qe3 Qc7 44. Qe8+ Kh7 45. Qe4+ Kg8 46. c4 Qd7 47. Qd5 Qc7 48. c5 Qa7 49. Qd4 Qc7 50. Qc3 Qc6 51. Qe3 Kf8 52. Qd4 Kg8 53. Qd8+ Kh7 54. Qd6 Qa4 55. Qd3+ Kg8 56. Qd8+ Kh7 57. Qd3+ Kg8 58. Qc3 Qc6 59. h4 Kf8 60. Qe5 Kg8 61. Qb8+ Kh7 62. Qb1+ Kg8 63. Qf5 Qa4 64. Qc8+ Kh7 65. c6 Qb3+ 66. Kg4 Qd1+ 67. Kf5 Qd5+ 68. Kg4 Qd1+ 69. Kg3 Qd3+ 70. Kf2 Qd2+ 71. Kf3 Qd3+ 72. Kg2 Qe2+ 73. Kg3 Qe3+ 74. Kg4 Qe2+ 75. Kf5 Qd3+ 76. Ke5 Qc3+ 77. Kd5 Qd3+ 78. Kc5 Qe3+ 79. Kb5 Qb3+ 80. Ka6 Qc4+ 81. Kb7 Qb5+ 82. Ka7 Qa4+ 83. Qa6 Qxf4 84. Qa2 Qd4+ 85. Kb7 Qb4+ 86. Ka8 Qc3 87. Qd5 Qa3+ 88. Kb7 Qb4+ 89. Kc8 Qf8+ 90. Kc7 Qe7+ 91. Qd7 Qe5+ 92. Kc8 Qa5 93. Qxf7 Qa8+ 94. Kd7 Qa7+ 95. Ke8 Qb8+ 96. Kd7 Qa7+ 97. Ke6 Qa2+ 98. Ke7 Qe2+ 99. Qe6 Qxh5 100. c7 Qc5+ 101. Kd7 Qb5+ 102. Qc6 Qf5+ 103. Kd8 Qf8+ 104. Kd7 Qf5+ 105. Kd6 Qf6+ 106. Kc5 Qc3+ 107. Kd5 Qf3+ 108. Kd6 Qf6+ 109. Kd7 Qf5+ 1/2-1/2


[Site "https://www.chess.com"]

[Event "Titled Tuesday Blitz August 15 Late 2023"]
[White "Todorovic, Bojan"]
[Black "Lobanov, Sergei"]
[WhiteFideId "917087"]
[BlackFideId "24183750"]
[WhiteElo "2405"]
[BlackElo "2731"]
[Result "0-1"]
[Round "1"]
[TimeControl "180+1"]
[Date "2023.08.15"]
[WhiteClock "0:00:04"]
[BlackClock "0:00:04"]
[Board "75"]

1. d4 Nf6 2. c4 e6 3. Nf3 d5 4. Bg5 dxc4 5. e3 b5 6. a4 c6 7. Nc3 Bb4 8. Be2 Nbd7 9. O-O Qb6 10. Qc2 O-O 11. e4 Bb7 12. Bxf6 Nxf6 13. e5 Nd5 14. Ng5 g6 15. Rad1 Be7 16. Nce4 Rad8 17. b3 Nf4 18. Bf3 Rxd4 19. a5 Qd8 20. Rxd4 Qxd4 21. Rd1 Nd3 22. bxc4 bxc4 23. Be2 Ba6 24. Bxd3 cxd3 25. Qxc6 Bc4 26. Nf3 Qd5 27. Qc7 Qxe4 28. Qxe7 Bd5 29. Qc5 a6 30. h4 Rb8 31. Qd6 Rc8 32. Ng5 Qxg2# 0-1


[Site "https://www.chess.com"]

[Event "Titled Tuesday Blitz August 15 Late 2023"]
[White "Jaracz, Pawel"]
[Black "Wafa, Shrook"]
[WhiteFideId "1102222"]
[BlackFideId "10609970"]
[WhiteElo "2725"]
[BlackElo "2405"]
[Result "1-0"]
[Round "1"]
[TimeControl "180+1"]
[Date "2023.08.15"]
[WhiteClock "0:00:15"]
[BlackClock "0:00:34"]
[Board "76"]

1. d4 d5 2. c4 c6 3. e3 Nf6 4. Nc3 Bf5 5. cxd5 cxd5 6. Qb3 Nc6 7. Qxb7 Bd7 8. Bb5 Rb8 9. Qa6 Rb6 10. Qa4 e6 11. Nf3 Bd6 12. O-O O-O 13. Bd2 a6 14. Bxc6 Bxc6 15. Qc2 Qb8 16. b3 Rc8 17. Qd3 Bb4 18. Rfc1 h6 19. Ne5 Bxc3 20. Bxc3 Bb5 21. Qd1 Ne4 22. Ba5 Rb7 23. Rxc8+ Qxc8 24. Rc1 Qb8 25. Qc2 f6 26. Qc8+ Qxc8 27. Rxc8+ Kh7 28. Nc6 Nd6 29. Rd8 Bxc6 30. Rxd6 Bb5 31. Rxe6 Rb8 32. Bb6 Bd7 33. Rd6 Bf5 34. f3 Bg6 35. Bc5 a5 36. Rxd5 a4 37. Rd7 axb3 38. axb3 Bf5 39. Ra7 Rxb3 40. e4 Be6 41. Bf8 Bc4 42. Rxg7+ Kh8 43. Rc7 Bb5 44. Kf2 h5 45. h4 Rb2+ 46. Kg3 Bf1 47. d5 Rxg2+ 48. Kf4 Rd2 49. Bg7+ Kg8 50. Bxf6 Bh3 51. Be5 Rd3 52. d6 Kf8 53. Rc3 Rd1 54. Kg5 Bd7 55. Kf6 Ke8 56. Ra3 Bc8 57. Ra8 Kd7 58. Ra7+ Kd8 59. f4 Rg1 60. Kf7 Rg4 61. Bf6# 1-0


[Site "https://www.chess.com"]

[Event "Titled Tuesday Blitz August 15 Late 2023"]
[White "chessmateto"]
[Black "carokannlover213"]
[WhiteElo "2405"]
[BlackElo "2720"]
[Result "0-1"]
[Round "1"]
[TimeControl "180+1"]
[Date "2023.08.15"]
[WhiteClock "0:00:08"]
[BlackClock "0:00:09"]
[Board "77"]

1. c4 e6 2. Nc3 d5 3. cxd5 exd5 4. d4 c6 5. Bf4 Bb4 6. e3 Nf6 7. Bd3 O-O 8. Ne2 Bd6 9. O-O Re8 10. Qc2 h6 11. Rfe1 a5 12. Rac1 Na6 13. a3 Nc7 14. Na4 Bxf4 15. Nxf4 Ne6 16. Nxe6 Bxe6 17. Nc5 b6 18. Nxe6 Rxe6 19. Qe2 Qe7 20. Bf5 Rd6 21. Rc2 g6 22. Bd3 Rc8 23. Rec1 Rc7 24. b4 axb4 25. axb4 Re6 26. Rc3 Qxb4 27. Qc2 Qd6 28. Bb5 Ng4 29. g3 Rf6 30. f4 Qe7 31. Qe2 h5 32. h3 Nh6 33. Bxc6 Nf5 34. Kf2 h4 35. g4 Ng3 36. Qb5 Ne4+ 37. Kf3 Nxc3 38. Rxc3 Qd6 39. g5 Re6 40. Qxb6 Rxc6 41. Rxc6 Qxc6 42. Qd8+ Kg7 43. Kg4 Qc2 44. Kxh4 Qf2+ 45. Kg4 Qe2+ 46. Kh4 Qxe3 47. f5 Qf4# 0-1


[Site "https://www.chess.com"]

[Event "Titled Tuesday Blitz August 15 Late 2023"]
[White "Bryakin, Mikhail"]
[Black "Baghdasaryan, Vahe"]
[WhiteFideId "4165314"]
[BlackFideId "13303139"]
[WhiteElo "2719"]
[BlackElo "2404"]
[Result "0-1"]
[Round "1"]
[TimeControl "180+1"]
[Date "2023.08.15"]
[WhiteClock "0:01:25"]
[BlackClock "0:00:44"]
[Board "78"]

1. c4 e6 2. g3 d5 3. Bg2 Nf6 4. Nf3 dxc4 5. Qa4+ Bd7 6. Qxc4 c5 7. d4 Bc6 8. dxc5 Nbd7 9. b4 a5 10. Nbd2 axb4 11. Nb3 Bd5 12. Qxb4 b6 13. Be3 bxc5 14. Nxc5 Rc8 15. Rc1 Ne4 16. Ne5 Nexc5 17. Bxd5 Nd3+ 18. Kd1 Nxb4 0-1


[Site "https://www.chess.com"]

[Event "Titled Tuesday Blitz August 15 Late 2023"]
[White "Figorito, Nick"]
[Black "Lamaze, Simon"]
[WhiteFideId "30923689"]
[BlackFideId "36069264"]
[WhiteElo "2404"]
[BlackElo "2719"]
[Result "0-1"]
[Round "1"]
[TimeControl "180+1"]
[Date "2023.08.15"]
[WhiteClock "0:00:05"]
[BlackClock "0:01:04"]
[Board "79"]

1. Nf3 d5 2. g3 Nc6 3. d4 Bf5 4. Bg2 e6 5. O-O Nb4 6. Na3 h6 7. c3 Na6 8. Nc2 c6 9. Bf4 Nf6 10. Re1 Be7 11. a3 Nc7 12. Nb4 a5 13. Nd3 Nb5 14. Nc5 b6 15. Nd3 Nd6 16. Nfe5 Rc8 17. Rc1 O-O 18. h3 Bh7 19. g4 c5 20. dxc5 bxc5 21. c4 Qb6 22. b3 Rfd8 23. Be3 d4 24. Bf4 Nfe4 25. Bd2 f6 26. Nf3 e5 27. Nh2 Nxd2 28. Qxd2 Ne4 29. Qd1 Nc3 30. Qc2 Bd6 31. e4 dxe3 32. Qxc3 e4 33. Nb2 Be5 34. Qc2 Rd2 0-1


[Site "https://www.chess.com"]

[Event "Titled Tuesday Blitz August 15 Late 2023"]
[White "Kuznetsov, Felix"]
[Black "Dwilewicz, Katarzyna"]
[WhiteFideId "34147990"]
[BlackFideId "1148486"]
[WhiteElo "2716"]
[BlackElo "2403"]
[Result "1-0"]
[Round "1"]
[TimeControl "180+1"]
[Date "2023.08.15"]
[WhiteClock "0:00:05"]
[BlackClock "0:00:00"]
[Board "80"]

1. e4 c5 2. Nc3 Nc6 3. Nge2 d6 4. d4 cxd4 5. Nxd4 Nf6 6. Bg5 e6 7. Qd2 a6 8. O-O-O Bd7 9. f4 Rc8 10. Kb1 h6 11. Bh4 Nxe4 12. Nxe4 Qxh4 13. g3 Qd8 14. Bg2 d5 15. Nxc6 bxc6 16. Nf2 Be7 17. Nd3 c5 18. Ne5 O-O 19. f5 Bf6 20. Nxd7 Qxd7 21. fxe6 fxe6 22. Rhe1 Kh8 23. Bh3 Qb5 24. b3 d4 25. Bxe6 Rb8 26. a4 Qxa4 27. Qd3 Qa3 28. Bc4 a5 29. Re6 a4 30. Ra6 Qb4 31. Ka2 axb3+ 32. cxb3 Ra8 33. Kb2 Rfe8 34. Rda1 Rxa6 35. Rxa6 Be5 36. Qe2 Qc3+ 37. Kb1 d3 38. Bxd3 Qxb3+ 39. Kc1 Qc3+ 40. Kd1 Qb3+ 41. Bc2 Qd5+ 42. Ke1 Qd4 43. Kf1 Rf8+ 44. Kg2 Qd8 45. Qe4 Qd2+ 46. Kh3 Qd7+ 47. g4 g5 48. Rxh6+ Kg7 49. Rh7+ Kf6 50. Rxd7 Rh8+ 51. Kg2 Rxh2+ 52. Kg1 1-0


[Site "https://www.chess.com"]

[Event "Titled Tuesday Blitz August 15 Late 2023"]
[White "sebastianmarinp"]
[Black "Timmermans, Mark"]
[BlackFideId "1026399"]
[WhiteElo "2397"]
[BlackElo "2715"]
[Result "0-1"]
[Round "1"]
[TimeControl "180+1"]
[Date "2023.08.15"]
[WhiteClock "0:00:00"]
[BlackClock "0:00:26"]
[Board "81"]

1. e4 e5 2. f4 exf4 3. Nf3 g5 4. h4 g4 5. Ne5 d6 6. Nxg4 Nf6 7. Nf2 h5 8. d4 Bh6 9. Nc3 Nc6 10. Be2 Qe7 11. Nd5 Nxd5 12. exd5 Nb8 13. Qd3 Nd7 14. Bd2 Nf6 15. c4 Ng4 16. Qe4 Nxf2 17. Qxe7+ Kxe7 18. Kxf2 Bg4 19. Bd3 Rae8 20. Rae1+ Kf6 21. Rxe8 Rxe8 22. Rf1 Bf5 23. Be2 f3 24. Bg5+ Bxg5 25. hxg5+ Kxg5 26. Bxf3 Bg4 27. Rc1 f5 28. c5 h4 29. cxd6 cxd6 30. Rc7 Kf4 31. Rxb7 h3 32. g3+ Kg5 33. Rg7+ Kh6 34. Rc7 h2 35. Rc1 Bxf3 36. Kxf3 Rc8 37. Rh1 Rc2 38. Kf4 Kg6 39. g4 fxg4 40. Kxg4 Rxb2 41. a4 Ra2 42. Kf4 Kh5 43. Kg3 Kg5 44. Rxh2 Rxh2 45. Kxh2 Kf4 46. Kg2 Ke4 47. Kf2 Kxd4 48. Ke2 Kxd5 49. Kd3 Kc5 50. Kc3 d5 51. Kd3 d4 52. Kd2 Kc4 53. Kc2 a5 54. Kd2 Kb4 55. Kd3 Kxa4 56. Kxd4 Kb3 0-1


[Site "https://www.chess.com"]

[Event "Titled Tuesday Blitz August 15 Late 2023"]
[White "Gubajdullin, Alexei"]
[Black "dodoucb"]
[WhiteFideId "4141202"]
[WhiteElo "2713"]
[BlackElo "2396"]
[Result "1-0"]
[Round "1"]
[TimeControl "180+1"]
[Date "2023.08.15"]
[WhiteClock "0:02:47"]
[BlackClock "0:02:15"]
[Board "82"]

1. d4 d5 2. Nf3 Nf6 3. Bf4 e6 4. Nbd2 c5 5. e3 Nc6 6. c3 Bd6 7. Bg3 O-O 8. Bd3 Re8 9. Ne5 Qc7 10. f4 b6 11. Bh4 Nd7 12. Bxh7+ 1-0


[Site "https://www.chess.com"]

[Event "Titled Tuesday Blitz August 15 Late 2023"]
[White "Melikhov, Evgeny V."]
[Black "Matinian, Nikita"]
[WhiteFideId "4122046"]
[BlackFideId "24129100"]
[WhiteElo "2396"]
[BlackElo "2712"]
[Result "0-1"]
[Round "1"]
[TimeControl "180+1"]
[Date "2023.08.15"]
[WhiteClock "0:00:05"]
[BlackClock "0:01:07"]
[Board "83"]

1. d4 Nf6 2. c4 e6 3. Nc3 Bb4 4. Qc2 O-O 5. e4 Nc6 6. d5 exd5 7. cxd5 Nd4 8. Qd3 Re8 9. Be3 Rxe4 10. O-O-O Bxc3 11. bxc3 Nf5 12. Bg5 Qe7 13. Bxf6 gxf6 14. g4 Qa3+ 15. Kb1 Ra4 16. Qc2 Nd6 17. Qb3 Qxb3+ 18. axb3 Rxg4 19. Bd3 a5 20. Nf3 a4 21. Rhg1 Rxg1 22. Rxg1+ Kh8 23. b4 b5 24. h4 Bb7 25. Nd4 Bxd5 26. Nxb5 Nxb5 27. Bxb5 c6 28. Bd3 Rg8 29. Rxg8+ Kxg8 30. Kb2 Bb3 31. c4 Kf8 32. b5 Ke7 33. b6 Kd8 34. c5 h6 35. Ka3 Kc8 36. Ba6+ Kb8 37. Kb4 Bd1 38. Bc4 Kb7 39. Bxf7 d5 40. cxd6 Kxb6 41. Bc4 c5+ 42. Kc3 Kc6 43. Kd2 Bb3 44. Bd3 Kxd6 45. Kc3 Ke5 0-1


[Site "https://www.chess.com"]

[Event "Titled Tuesday Blitz August 15 Late 2023"]
[White "Khripachenko, Alexander"]
[Black "Mikhalsky, Vladimir"]
[WhiteFideId "54184975"]
[BlackFideId "14144352"]
[WhiteElo "2710"]
[BlackElo "2393"]
[Result "1-0"]
[Round "1"]
[TimeControl "180+1"]
[Date "2023.08.15"]
[WhiteClock "0:02:06"]
[BlackClock "0:00:05"]
[Board "84"]

1. e4 g6 2. d4 Bg7 3. Nf3 d6 4. Bc4 e6 5. O-O Ne7 6. Re1 a6 7. a4 b6 8. c3 Bb7 9. Nbd2 Nd7 10. Nf1 O-O 11. Ng3 h6 12. h4 Re8 13. Bd3 e5 14. Be3 d5 15. exd5 Nxd5 16. h5 Nxe3 17. Rxe3 exd4 18. Rxe8+ Qxe8 19. hxg6 fxg6 20. Nxd4 Ne5 21. Qb3+ Kh7 22. Bc2 c5 23. Qxb6 Bxg2 24. Kxg2 cxd4 25. cxd4 Rb8 26. Qxa6 Rxb2 27. dxe5 Rxc2 28. Re1 Qf7 29. Re2 Qd5+ 30. f3 Rc1 31. e6 Qd1 32. Qa7 Rc2 33. Qf2 Rxe2 34. Qxe2 Qxa4 35. e7 Qe8 36. Qe6 h5 37. Ne4 Kh6 38. Nd6 Qc6 39. Nf7+ Kh7 40. Qxc6 1-0


[Site "https://www.chess.com"]

[Event "Titled Tuesday Blitz August 15 Late 2023"]
[White "Fernandez Garcia, Gumersindo"]
[Black "Leiva, Gianmarco"]
[WhiteFideId "24516740"]
[BlackFideId "3804399"]
[WhiteElo "2389"]
[BlackElo "2710"]
[Result "1/2-1/2"]
[Round "1"]
[TimeControl "180+1"]
[Date "2023.08.15"]
[WhiteClock "0:00:52"]
[BlackClock "0:00:55"]
[Board "85"]

1. d4 Nf6 2. c4 e6 3. Nf3 d5 4. g3 Bb4+ 5. Bd2 Be7 6. Bg2 O-O 7. O-O Nbd7 8. Qc2 c6 9. Bf4 b6 10. cxd5 cxd5 11. Rc1 Ba6 12. Nc3 b5 13. a3 Qb6 14. e3 Rac8 15. Ne5 Nxe5 16. Bxe5 Nd7 17. g4 Nxe5 18. dxe5 d4 19. exd4 Qxd4 20. Qe4 Qb6 21. h3 Rc4 22. Qe1 Bb7 23. Ne4 Rfc8 24. Rxc4 Rxc4 25. Rc1 Qd4 26. Rxc4 Qxc4 27. Qc3 Qc8 28. Qxc8+ Bxc8 29. f4 h6 30. Kf2 Kf8 31. Ke3 Ke8 32. Kd4 Kd7 33. Bf1 Kc6 34. Bg2 Kb6 35. b4 a5 36. Nc5 axb4 37. axb4 Kc7 38. Be4 Bd7 39. Nxd7 Kxd7 40. Kc3 Kc7 41. Bd3 Kc6 42. Be4+ Kc7 43. Bh7 f6 44. exf6 Bxf6+ 45. Kd3 g5 46. fxg5 hxg5 47. Be4 Be7 48. Kc3 Kd6 49. Bd3 Kc6 50. Be4+ Kc7 51. Bd3 Bf6+ 52. Kb3 Kb6 53. Be4 Be7 54. Bg6 Bf8 55. Bf7 e5 56. Bd5 Kc7 57. Be4 Kd6 58. Bd3 Kc6 59. Be4+ Kd6 60. Bd3 Kd5 61. Bxb5 e4 62. Be2 Kd4 63. b5 Bc5 64. Kc2 Ke3 65. Kd1 Kf2 66. Bc4 e3 67. Bd3 Kf3 68. Bc4 Kg3 69. Ke2 Kxh3 70. Be6 Kg3 71. Bf5 Kf4 72. Bd7 Ke5 73. Bc8 Bb6 74. Bf5 Kf4 75. Bc8 Ke4 76. Bf5+ Kd4 77. Bc8 Kc5 78. Kxe3 Kxb5+ 79. Ke4 Bc7 80. Kf5 Bf4 81. Be6 Kc5 82. Bf7 Kb6 83. Bg6 Kc7 84. Bh5 Kd8 85. Kf6 Kd7 86. Kf7 Kd6 87. Bg6 Kc5 88. Bf5 Kd4 89. Kg6 Ke3 90. Kg7 Kd4 91. Kf7 Kd5 92. Ke8 Kc6 93. Ke7 Kd5 94. Kd7 Ke5 95. Kc7 Kf6+ 96. Kc6 Kg7 97. Kc5 Kh6 98. Kd5 Kg7 99. Kd4 Kh8 100. Ke4 Kg8 101. Kd5 Kf8 102. Ke6 Ke8 103. Kf6 Kd8 104. Ke6 Kc7 105. Kf6 Kb8 106. Kf7 Ka7 107. Kf6 Kb6 108. Ke7 Ka5 109. Ke6 Kb4 110. Kf6 Ka3 111. Ke7 Kb2 112. Ke6 Kc1 113. Kf6 Kd2 114. Ke7 Ke1 115. Ke6 Kf2 116. Ke7 Kg1 117. Ke6 Kh2 118. Ke7 Kg3 119. Ke6 Kf2 120. Ke7 Ke3 121. Ke6 Kd2 122. Ke7 Kc3 123. Ke6 Kb2 124. Ke7 Kc1 125. Ke6 Kd2 126. Kf7 Ke1 127. Ke6 Kf2 1/2-1/2


[Site "https://www.chess.com"]

[Event "Titled Tuesday Blitz August 15 Late 2023"]
[White "Alex_Sahakyan2006"]
[Black "Tsotsonava, Elene"]
[BlackFideId "13615939"]
[WhiteElo "2709"]
[BlackElo "2387"]
[Result "0-1"]
[Round "1"]
[TimeControl "180+1"]
[Date "2023.08.15"]
[WhiteClock "0:00:23"]
[BlackClock "0:00:26"]
[Board "86"]

1. e4 c5 2. Nc3 e6 3. Nge2 Nc6 4. g3 Nf6 5. Bg2 d6 6. d4 cxd4 7. Nxd4 Bd7 8. O-O Qc7 9. Be3 Be7 10. h3 Rc8 11. Qd2 Ne5 12. Qe2 Nc4 13. Bc1 a6 14. a4 h5 15. b3 Ne5 16. Bb2 Qc5 17. Rfd1 Nc6 18. Nxc6 Bxc6 19. Rd2 O-O 20. Rad1 d5 21. exd5 Nxd5 22. Nxd5 Bxd5 23. Bxd5 exd5 24. Rxd5 Qxc2 25. Qxc2 Rxc2 26. R1d2 Rfc8 27. Kg2 Bb4 28. Rxc2 Rxc2 29. Bd4 h4 30. gxh4 Rd2 31. Rd8+ Kh7 32. Bb6 Rxd8 33. Bxd8 Kg6 34. Kf3 Kf5 35. Bg5 f6 36. Be3 g6 37. Ke2 Ke4 38. f3+ Kd5 39. Kd3 Be1 40. h5 gxh5 41. Bd4 f5 42. Bf6 Ba5 43. Ke3 Bc7 44. Bc3 b5 45. axb5 axb5 46. Bb4 Be5 47. Be7 Bd4+ 48. Kf4 Ke6 49. Bd8 Bf2 50. h4 Kd7 51. Bf6 Ke6 52. Bg5 Be1 53. Ke3 Kd5 54. Bd8 Bg3 55. Bg5 Kc5 56. Be7+ Kd5 57. Kd3 Ke6 58. Bd8 Kd5 59. Kc3 Be1+ 60. Kd3 Bg3 61. Ke3 Kc5 62. Be7+ Kd5 63. Bf6 Ke6 64. Bg5 Kd5 65. Ke2 Kc5 66. Kd3 Kd5 67. Bd2 Bxh4 68. Bf4 Bf2 69. Ke2 Bd4 70. Bg5 Ke5 71. Kd3 Kd5 72. Bd8 Be5 73. Be7 Bg3 74. Ke2 h4 75. Kf1 h3 76. b4 Kd4 77. Bc5+ Kd3 78. Ba7 Be5 79. Kg1 Bd4+ 80. Bxd4 Kxd4 81. Kh2 Ke3 82. Kg3 h2 83. Kxh2 Kxf3 84. Kg1 Ke2 85. Kg2 f4 86. Kh2 f3 87. Kg1 f2+ 88. Kh2 f1=Q 89. Kg3 Qf3+ 90. Kh2 Qf4+ 91. Kh1 Qxb4 92. Kg1 Qe1+ 93. Kh2 Qf2+ 94. Kh1 Qf3+ 95. Kg1 b4 96. Kh2 b3 97. Kg1 b2 98. Kh2 Qf2+ 99. Kh1 b1=Q# 0-1


[Site "https://www.chess.com"]

[Event "Titled Tuesday Blitz August 15 Late 2023"]
[White "Quiroga Jaquez, Angel Ivan"]
[Black "Barp, Alberto"]
[WhiteFideId "5117801"]
[BlackFideId "872555"]
[WhiteElo "2386"]
[BlackElo "2709"]
[Result "0-1"]
[Round "1"]
[TimeControl "180+1"]
[Date "2023.08.15"]
[WhiteClock "0:01:22"]
[BlackClock "0:01:58"]
[Board "87"]

1. Nf3 c5 2. b3 b6 3. Bb2 Bb7 4. c4 Nf6 5. g3 g6 6. Bg2 Bg7 7. O-O O-O 8. Nc3 Ne4 9. Qc2 Nxc3 10. Bxc3 d5 11. Bxg7 Kxg7 12. cxd5 Bxd5 13. d3 Nc6 14. Qb2+ f6 15. Rac1 e5 16. a3 Qe7 17. h4 a5 18. Rfd1 Qf7 19. Nd2 Nd4 20. Nc4 Bxg2 21. Kxg2 b5 22. Nd6 Qd5+ 23. Ne4 f5 24. Rxc5 Qb7 25. Rxe5 Rad8 26. e3 fxe4 27. exd4 e3+ 28. Kg1 Rxf2 0-1


[Site "https://www.chess.com"]

[Event "Titled Tuesday Blitz August 15 Late 2023"]
[White "Korchmar, Vasiliy"]
[Black "Vifleemskaia, Svetlana"]
[WhiteFideId "24131750"]
[BlackFideId "4129490"]
[WhiteElo "2705"]
[BlackElo "2384"]
[Result "1-0"]
[Round "1"]
[TimeControl "180+1"]
[Date "2023.08.15"]
[WhiteClock "0:01:50"]
[BlackClock "0:00:05"]
[Board "88"]

1. e4 e5 2. Nf3 Nc6 3. Bc4 Nf6 4. d3 Be7 5. O-O O-O 6. a4 a6 7. Nc3 d6 8. Re1 Be6 9. Nd5 Re8 10. c3 h6 11. h3 Bf8 12. Ne3 d5 13. exd5 Nxd5 14. Ng4 Bxg4 15. hxg4 Nb6 16. Bb3 Qd7 17. g5 Qg4 18. gxh6 gxh6 19. Be3 Bg7 20. Qd2 h5 21. Bh6 Rad8 22. Bxg7 Kxg7 23. Re3 h4 24. Nh2 Qg5 25. Rg3 1-0


[Site "https://www.chess.com"]